 Dungeon Crawl Stone Soup version 0.20-a0-760-g49f5558 (webtiles) character file.

75 polly the Covered (level 4, -5/29 HPs)
             Began as a Gargoyle Fighter on Feb 25, 2017.
             Slain by a gnoll
             ... wielding a +0 halberd
              (9 damage)
             ... on level 2 of the Dungeon.
             The game lasted 00:02:16 (1448 turns).

polly the Covered (Gargoyle Fighter)                Turns: 1448, Time: 00:02:17

Health: -5/29      AC: 13    Str: 19    XL:     4   Next: 31%
Magic:  4/4        EV: 12    Int:  9    God:
Gold:   110        SH:  9    Dex: 15    Spells: 3/3 levels left

rFire    . . .     SeeInvis .   a - +0 flail
rCold    . . .     Gourm    .   b - +0 scale mail
rNeg     + . .     Faith    .   c - +0 shield
rPois    ∞         Spirit   .   o - +0 helmet
rElec    +         Reflect  .   (no cloak)
rCorr    .         Harm     .   (no gloves)
MR       .....                  n - +0 pair of boots
Stlth    +.........             (no amulet)
Regen    0.1/turn               (no ring)
MPRegen  0.1/turn               (no ring)

@: agile
A: negative energy resistance 1, electricity resistance, unbreathing,
petrification resistance, rot immunity, AC +3
a: no special abilities


You were on level 2 of the Dungeon.
You were very hungry.

You visited 1 branch of the dungeon, and saw 2 of its levels.

You collected 110 gold pieces.

Inventory:

Hand Weapons
 a - a +0 flail (weapon)
Armour
 b - a +0 scale mail (worn)
 c - a +0 shield (worn)
 n - a +0 pair of boots (worn)
 o - a +0 helmet (worn)
Scrolls
 g - a scroll of blinking {unknown}
 h - a scroll of enchant armour {unknown}
 j - 2 scrolls of teleportation {unknown}
 k - 2 scrolls of identify {unknown}
 l - a scroll of random uselessness {unknown}
 m - a scroll of fog {unknown}
 p - 2 scrolls of remove curse {unknown}
 s - a scroll of fear {unknown}
Potions
 d - 2 potions of might
 e - a potion of agility
 i - a potion of degeneration {unknown}
 t - a potion of heal wounds {unknown}
Comestibles
 f - a bread ration
 r - 4 fruits


   Skills:
 + Level 3.7 Fighting
 + Level 2.8 Maces & Flails
 + Level 4.0 Armour
 + Level 0.4 Dodging
 + Level 0.2 Stealth
 + Level 3.9 Shields


You had 3 spell levels left.
You didn't know any spells.

Dungeon Overview and Level Annotations

Branches:
Dungeon (2/15)

Altars:
Xom


Innate Abilities, Weirdness & Mutations

You are resistant to torment.
Your stone body is resilient. (AC +3)
You are immune to poison.
You resist negative energy. (rN+)
You are resistant to electric shocks. (rElec)
You can survive without breathing.
You are immune to petrification.
You are immune to rotting.


Message History

You hit the gnoll.
The gnoll is lightly wounded.
The gnoll completely misses you.
You barely miss the gnoll.
The gnoll is lightly wounded.
You block the gnoll's attack.
You hit the gnoll but do no damage.
The gnoll is lightly wounded.
The gnoll closely misses you.
You closely miss the gnoll.
The gnoll is lightly wounded.
You block the gnoll's attack. x2
You barely miss the gnoll.
The gnoll is lightly wounded.
You block the gnoll's attack.
You hit the gnoll but do no damage. You block the gnoll's attack.
You hit the gnoll.
The gnoll is moderately wounded.
The gnoll hits you with a halberd!
You die...

..... #..............#
P..#... #..............#
♣......♣♣
######....######
♣P...♣).♣♣♣♣########.#..#
♣P....P..♣♣........#..#
PP.♣♣....P♣♣♣........##.#
....♣♣P.............##>#
♣.♣P
♣♣♣♣PP...g.....##.### ♣
♣♣...)@.....##....
♣♣.#...........#
.P.....(........#
♣♣.##......)....... ##
#..............
##.............
....#.....#....
..##......##.#.. ###
##...... ...


You could see a gnoll.

Vanquished Creatures
  2 gnolls
  3 worms (D:2)
  A dart slug (D:2)
  2 leopard geckos (D:1)
  9 goblins
  5 hobgoblins
  4 kobolds
  3 quokkas
  2 ball pythons (D:1)
  5 bats (D:1)
  2 rats (D:1)
38 creatures vanquished.

Notes
Turn   | Place    | Note
-------+----------+-------------------------------------------
     0 | D:1      | polly the Gargoyle Fighter began the quest for the Orb.
     0 | D:1      | Reached XP level 1. HP: 14/14 MP: 1/1
   140 | D:1      | Reached XP level 2. HP: 13/19 MP: 2/2
   432 | D:1      | Reached XP level 3. HP: 23/23 MP: 3/3
   642 | D:1      | Reached skill level 4 in Armour
  1178 | D:2      | Found a shimmering altar of Xom.
  1182 | D:2      | Reached XP level 4. HP: 29/29 MP: 4/4
  1448 | D:2      | Slain by a gnoll

Vault maps used:
D:1:      dpeg_arrival_simpleton_b, grunt_decor_fettered
D:2:      wad_woods_stonehenge, lemuel_doored_altar, uniq_natasha

Skill      XL: |  1  2  3 |
---------------+----------+-----
Armour         | 4 |  4.0
Fighting       | |  3.7
Maces & Flails | |  2.8
Dodging        | |  0.4
Stealth        | |  0.2
Shields        | |  3.9

Action                   |  1- 3 |  4- 6 || total
-------------------------+-------+-------++-------
Melee: Flail             |   134 |    38 ||   172
  Use: Potion            |       |     1 ||     1
  Eat: Chunk             |     1 |       ||     1
Armor: Scale mail        |    65 |    26 ||    91
Dodge: Dodged            |    40 |    33 ||    73
Block: Shield            |    87 |    27 ||   114
